[ AOE2 MATCH · #483844575 ]
UnrankedKhmer vs Saracens
[ REPLAY ANALYSIS · EXTRACTED FROM THE RECORDED GAME ]
Feudal
19:46
Castle
24:46
Imperial
29:11
| APM avg | 28.6 |
| APM peak | 62 |
| eAPM avg | 14.6 |
| Villagers / military | 90 / 97 |
Focus
⚔️ 33.4% · 🌾 66.6%
Ballista Elephant ×81 · Fishing Ship ×43 · Trebuchet (Packed) ×14 · Trade Cart ×3 · Militia ×2
Feudal
16:07
Castle
21:28
Imperial
39:25
| APM avg | 28.0 |
| APM peak | 62 |
| eAPM avg | 13.7 |
| Villagers / military | 124 / 113 |
Focus
⚔️ 24.3% · 🌾 75.7%
Mameluke ×69 · Cavalry Archer ×31 · Fishing Ship ×27 · Spearman ×5 · Camel Scout ×3 · Galley ×2
Feudal
17:12
Castle
23:04
Imperial
41:11
| APM avg | 16.0 |
| APM peak | 38 |
| eAPM avg | 12.6 |
| Villagers / military | 97 / 203 |
Focus
⚔️ 24.9% · 🌾 75.1%
Militia ×166 · Fishing Ship ×50 · Scorpion ×31 · Trebuchet (Packed) ×4 · Monk ×1 · Demolition Raft ×1
Feudal
14:51
Castle
20:39
Imperial
38:00
| APM avg | 21.6 |
| APM peak | 45 |
| eAPM avg | 13.4 |
| Villagers / military | 85 / 170 |
Focus
⚔️ 24.0% · 🌾 76.0%
Spearman ×57 · Rattan Archer ×29 · Scout Cavalry ×27 · Trade Cart ×15 · Fire Lancer ×15 · Militia ×14
Feudal
13:45
Castle
21:00
Imperial
34:23
| APM avg | 24.8 |
| APM peak | 74 |
| eAPM avg | 11.9 |
| Villagers / military | 124 / 329 |
Focus
⚔️ 33.0% · 🌾 67.0%
Camel Scout ×163 · Skirmisher ×97 · Scout Cavalry ×59 · Bombard Cannon ×10 · Fishing Ship ×8
Feudal
15:38
Castle
21:13
Imperial
39:39
| APM avg | 23.9 |
| APM peak | 73 |
| eAPM avg | 18.8 |
| Villagers / military | 159 / 302 |
Focus
⚔️ 46.3% · 🌾 53.7%
Spearman ×145 · Coustillier ×95 · Skirmisher ×34 · Fishing Ship ×24 · Scout Cavalry ×16 · Trebuchet (Packed) ×5
Match map
Initial resources + every placement click. Lines = walls · curves = elevation contours. ◆ gold · ⬟ stone · ● berries · ✦ relic · ◌ wall gap
Your base· Open — 10t gap
RDM - ☢ - 𐰋𐰇𐰼𐰇's base· Open — unwalled flank
Zero's base· Open — unwalled flank
420Fighter's base· Open — unwalled flank
Mangudai de Oakley's base· Open — 3t gap
George_Carse's base· Open — unwalled flank
Smoothed initial terrain · ◌ = detected wall gap · hover for details
Inputs per minute
— 种田大叔 - - RDM - ☢ - 𐰋𐰇𐰼𐰇
Build order — 种田大叔
First 150 of 370 actions detected
| 0:40 | Build | Town Center |
| 3:00 | Create | Villager (Male) |
| 3:00 | Create | Villager (Male) |
| 3:01 | Create | Villager (Male) |
| 3:04 | Build | House |
| 4:11 | Create | Villager (Male) |
| 4:11 | Create | Villager (Male) |
| 4:19 | Create | Villager (Male) |
| 4:19 | Create | Villager (Male) |
| 4:38 | Build | House |
| 4:54 | Create | Villager (Male) |
| 4:55 | Create | Villager (Male) |
| 5:44 | Create | Villager (Male) |
| 6:10 | Create | Villager (Male) |
| 6:10 | Create | Villager (Male) |
| 6:11 | Create | Villager (Male) |
| 6:11 | Create | Villager (Male) |
| 7:00 | Build | Lumber Camp |
| 7:09 | Create | Villager (Male) |
| 7:10 | Create | Villager (Male) |
| 7:10 | Create | Villager (Male) |
| 7:15 | Build | House |
| 7:22 | Create | Villager (Male) |
| 7:22 | Create | Villager (Male) |
| 8:53 | Research | Loom |
| 8:54 | Create | Villager (Male) |
| 8:54 | Create | Villager (Male) |
| 8:54 | Create | Villager (Male) |
| 9:19 | Build | House |
| 9:39 | Create | Villager (Male) |
| 9:39 | Create | Villager (Male) |
| 9:53 | Build | Dock |
| 10:11 | Build | Mill |
| 10:31 | Create | Fishing Ship |
| 10:32 | Create | Fishing Ship |
| 10:40 | Build | House |
| 10:48 | Build | House |
| 10:48 | Build | House |
| 10:53 | Create | Villager (Male) |
| 10:53 | Create | Villager (Male) |
| 11:06 | Build | House |
| 11:20 | Create | Fishing Ship |
| 11:21 | Create | Fishing Ship |
| 11:44 | Create | Villager (Male) |
| 11:44 | Create | Villager (Male) |
| 11:44 | Create | Villager (Male) |
| 12:09 | Build | Barracks |
| 12:24 | Create | Fishing Ship |
| 12:35 | Create | Fishing Ship |
| 12:42 | Create | Villager (Male) |
| 12:43 | Create | Villager (Male) |
| 13:19 | Build | House |
| 13:31 | Build | Dock |
| 13:39 | Create | Militia |
| 13:39 | Create | Militia |
| 13:46 | Create | Villager (Male) |
| 13:53 | Create | Fishing Ship |
| 13:54 | Create | Fishing Ship |
| 14:00 | Build | House |
| 14:24 | Create | Villager (Male) |
| 14:24 | Create | Villager (Male) |
| 14:24 | Create | Villager (Male) |
| 14:32 | Build | House |
| 14:39 | Create | Fishing Ship |
| 14:39 | Create | Fishing Ship |
| 14:44 | Create | Fishing Ship |
| 14:44 | Create | Fishing Ship |
| 15:15 | Build | House |
| 15:41 | Build | Dock |
| 15:46 | Create | Villager (Male) |
| 15:46 | Create | Villager (Male) |
| 15:55 | Create | Fishing Ship |
| 15:55 | Create | Fishing Ship |
| 15:56 | Create | Fishing Ship |
| 16:22 | Create | Fishing Ship |
| 16:22 | Create | Fishing Ship |
| 16:23 | Create | Fishing Ship |
| 16:39 | Build | Dock |
| 16:46 | Create | Villager (Male) |
| 16:46 | Create | Villager (Male) |
| 17:11 | Build | Lumber Camp |
| 17:27 | Research | Feudal Age |
| 17:36 | Build | House |
| 17:42 | Create | Villager (Male) |
| 17:42 | Create | Villager (Male) |
| 18:10 | Create | Fishing Ship |
| 18:10 | Create | Fishing Ship |
| 18:10 | Create | Fishing Ship |
| 18:10 | Create | Fishing Ship |
| 18:11 | Create | Fishing Ship |
| 18:11 | Create | Fishing Ship |
| 18:12 | Create | Fishing Ship |
| 18:13 | Create | Fishing Ship |
| 18:25 | Build | House |
| 18:53 | Build | Mining Camp |
| 19:02 | Build | House |
| 19:29 | Create | Fishing Ship |
| 19:30 | Create | Fishing Ship |
| 19:30 | Create | Fishing Ship |
| 19:46 | Age | Feudal Age |
| 19:49 | Build | House |
| 19:59 | Create | Fishing Ship |
| 20:00 | Create | Fishing Ship |
| 20:00 | Create | Fishing Ship |
| 20:05 | Create | Villager (Male) |
| 20:05 | Create | Villager (Male) |
| 20:20 | Research | Wheelbarrow |
| 20:25 | Research | Double-Bit Axe |
| 20:35 | Create | Fishing Ship |
| 20:36 | Create | Fishing Ship |
| 20:36 | Create | Fishing Ship |
| 20:43 | Build | House |
| 20:52 | Research | Castle Age |
| 20:53 | Create | Villager (Male) |
| 20:53 | Create | Villager (Male) |
| 21:12 | Build | Mining Camp |
| 21:16 | Build | House |
| 21:26 | Create | Fishing Ship ×3 |
| 21:39 | Create | Fishing Ship ×2 |
| 21:51 | Build | House |
| 22:05 | Create | Villager (Male) |
| 22:31 | Build | House |
| 22:44 | Build | Fish Trap |
| 22:48 | Build | Fish Trap |
| 22:53 | Build | Fish Trap |
| 23:13 | Build | Fish Trap |
| 23:28 | Build | House |
| 23:40 | Build | Fish Trap |
| 23:47 | Create | Fishing Ship |
| 23:47 | Create | Fishing Ship |
| 23:47 | Create | Fishing Ship |
| 23:59 | Build | House |
| 24:31 | Build | Stable |
| 24:41 | Build | Fish Trap |
| 24:45 | Build | Fish Trap |
| 24:46 | Age | Castle Age |
| 24:50 | Build | Fish Trap |
| 24:57 | Create | Villager (Male) |
| 24:57 | Create | Villager (Male) |
| 24:58 | Create | Villager (Male) |
| 25:21 | Build | House |
| 25:50 | Research | Imperial Age |
| 25:56 | Create | Villager (Male) |
| 26:01 | Research | Bow Saw |
| 26:14 | Build | House |
| 26:19 | Build | Fish Trap |
| 26:28 | Build | Fish Trap |
| 26:45 | Build | Fish Trap |
| 26:49 | Build | House |
| 27:06 | Build | Castle |
Build order — RDM - ☢ - 𐰋𐰇𐰼𐰇
First 150 of 352 actions detected
| 1:29 | Build | Town Center |
| 1:56 | Build | House |
| 2:51 | Build | House |
| 3:42 | Build | Dock |
| 3:46 | Create | Villager (Male) |
| 3:46 | Create | Villager (Male) |
| 3:46 | Create | Villager (Male) |
| 3:47 | Create | Villager (Male) |
| 5:04 | Create | Villager (Male) |
| 5:04 | Create | Villager (Male) |
| 5:34 | Create | Villager (Male) |
| 6:15 | Create | Villager (Male) |
| 6:18 | Research | Loom |
| 6:29 | Build | House |
| 6:37 | Create | Villager (Male) |
| 6:51 | Create | Villager (Male) |
| 7:20 | Build | House |
| 7:28 | Create | Villager (Male) |
| 8:27 | Create | Villager (Male) |
| 8:28 | Create | Villager (Male) |
| 8:41 | Create | Fishing Ship |
| 8:41 | Create | Fishing Ship |
| 8:59 | Create | Villager (Male) |
| 9:30 | Create | Fishing Ship |
| 9:35 | Create | Villager (Male) |
| 10:18 | Create | Villager (Male) |
| 10:20 | Create | Villager (Male) |
| 10:24 | Create | Fishing Ship |
| 10:41 | Create | Fishing Ship |
| 11:29 | Create | Villager (Male) |
| 11:37 | Build | House |
| 11:41 | Create | Villager (Male) |
| 11:55 | Build | House |
| 12:24 | Build | Mill |
| 12:54 | Create | Villager (Male) |
| 13:00 | Create | Villager (Male) |
| 13:12 | Create | Villager (Male) |
| 13:17 | Create | Fishing Ship |
| 13:22 | Build | Farm |
| 13:44 | Create | Fishing Ship |
| 13:57 | Research | Feudal Age |
| 13:57 | Research | Feudal Age |
| 14:14 | Build | Barracks |
| 14:39 | Build | House |
| 14:44 | Create | Fishing Ship |
| 14:55 | Build | Mining Camp |
| 15:04 | Create | Villager (Male) |
| 15:52 | Build | Farm |
| 15:56 | Build | Farm |
| 16:01 | Build | Farm |
| 16:07 | Age | Feudal Age |
| 16:19 | Build | Lumber Camp |
| 16:30 | Build | Market |
| 16:35 | Create | Villager (Male) |
| 16:44 | Research | Tech 906 |
| 17:16 | Create | Fishing Ship |
| 17:27 | Create | Villager (Male) |
| 17:37 | Create | Fishing Ship |
| 18:02 | Build | Blacksmith |
| 18:05 | Create | Spearman |
| 18:19 | Build | Farm |
| 18:44 | Create | Villager (Male) |
| 18:49 | Research | Castle Age |
| 19:08 | Create | Fishing Ship |
| 19:30 | Research | Wheelbarrow |
| 20:01 | Create | Villager (Male) |
| 20:02 | Create | Villager (Male) |
| 20:07 | Build | House |
| 20:10 | Build | House |
| 20:39 | Research | Stone Mining |
| 20:44 | Research | Double-Bit Axe |
| 20:49 | Research | Horse Collar |
| 20:51 | Create | Fishing Ship |
| 21:28 | Age | Castle Age |
| 21:35 | Build | Town Center |
| 21:57 | Create | Spearman |
| 22:24 | Research | Pikeman (upgrade) |
| 22:54 | Create | Spearman |
| 23:05 | Create | Villager (Male) |
| 23:31 | Create | Villager (Male) |
| 23:31 | Create | Villager (Male) |
| 23:34 | Create | Villager (Male) |
| 23:34 | Create | Villager (Male) |
| 23:50 | Create | Villager (Male) |
| 23:53 | Create | Villager (Male) |
| 24:06 | Build | Town Center |
| 24:17 | Create | Villager (Male) |
| 24:28 | Create | Villager (Male) |
| 24:30 | Create | Villager (Male) |
| 24:44 | Build | Archery Range |
| 24:49 | Create | Villager (Male) |
| 25:14 | Create | Villager (Male) |
| 25:23 | Research | Bow Saw |
| 25:25 | Create | Villager (Male) |
| 25:39 | Research | Gold Mining |
| 25:59 | Create | Villager (Male) |
| 26:00 | Create | Villager (Male) |
| 26:00 | Create | Villager (Male) |
| 26:01 | Create | Villager (Male) |
| 26:04 | Create | Villager (Male) |
| 26:05 | Create | Villager (Male) |
| 26:05 | Create | Villager (Male) |
| 26:39 | Create | Spearman |
| 26:39 | Create | Spearman |
| 26:47 | Build | Castle |
| 26:53 | Research | Town Watch |
| 26:56 | Create | Villager (Male) |
| 27:05 | Create | Fishing Ship |
| 27:12 | Build | House |
| 27:13 | Build | House |
| 27:32 | Research | Fletching |
| 27:35 | Build | Farm |
| 27:54 | Research | Elite Skirmisher (upgrade) |
| 28:58 | Build | University |
| 29:03 | Create | Villager (Male) |
| 29:04 | Create | Villager (Male) |
| 29:06 | Create | Villager (Male) |
| 29:06 | Create | Villager (Male) |
| 29:08 | Create | Villager (Male) |
| 29:08 | Create | Villager (Male) |
| 29:15 | Build | Fish Trap |
| 29:29 | Create | Cavalry Archer |
| 29:29 | Create | Cavalry Archer |
| 29:30 | Create | Cavalry Archer |
| 29:30 | Create | Cavalry Archer |
| 29:37 | Create | Mameluke |
| 29:37 | Create | Mameluke |
| 29:37 | Create | Mameluke |
| 29:38 | Create | Mameluke |
| 29:46 | Create | Villager (Male) |
| 30:29 | Create | Villager (Male) |
| 30:30 | Create | Villager (Male) |
| 30:31 | Create | Villager (Male) |
| 30:31 | Create | Villager (Male) |
| 30:32 | Create | Villager (Male) |
| 30:41 | Research | War Galley (upgrade) |
| 30:56 | Create | Villager (Male) |
| 30:58 | Create | Villager (Male) |
| 30:58 | Create | Villager (Male) |
| 31:04 | Create | Villager (Male) |
| 31:13 | Research | Ballistics |
| 31:34 | Create | Villager (Male) |
| 31:49 | Build | Fish Trap |
| 31:56 | Create | Villager (Male) |
| 31:57 | Create | Villager (Male) |
| 32:06 | Create | Villager (Male) |
| 32:10 | Build | Fish Trap |
| 32:22 | Build | Dock |
| 32:25 | Create | Villager (Male) |
| 32:54 | Create | Villager (Male) |
Build order — Zero
First 150 of 366 actions detected
| 0:46 | Build | House |
| 0:47 | Build | House |
| 1:33 | Build | Town Center |
| 3:35 | Create | Villager (Male) |
| 3:35 | Create | Villager (Male) |
| 3:35 | Create | Villager (Male) |
| 3:36 | Create | Villager (Male) |
| 3:39 | Research | Loom |
| 4:51 | Create | Villager (Male) |
| 5:19 | Create | Villager (Male) |
| 5:51 | Create | Villager (Male) |
| 5:52 | Create | Villager (Male) |
| 6:38 | Create | Villager (Male) |
| 6:39 | Create | Villager (Male) |
| 7:32 | Create | Villager (Male) |
| 7:34 | Create | Villager (Male) |
| 7:49 | Create | Villager (Male) |
| 8:28 | Build | Mill |
| 9:01 | Build | Outpost |
| 9:08 | Create | Villager (Male) |
| 9:08 | Create | Villager (Male) |
| 9:14 | Build | House |
| 9:15 | Build | House |
| 9:29 | Build | Farm |
| 9:40 | Build | Farm |
| 10:12 | Build | Farm |
| 10:25 | Build | Mill |
| 10:38 | Create | Villager (Male) |
| 10:38 | Create | Villager (Male) |
| 10:48 | Build | Mining Camp |
| 11:33 | Create | Villager (Male) |
| 11:33 | Create | Villager (Male) |
| 12:09 | Create | Villager (Male) |
| 12:09 | Create | Villager (Male) |
| 12:27 | Create | Villager (Male) |
| 12:32 | Build | Dock |
| 12:44 | Build | Outpost |
| 13:18 | Create | Villager (Male) |
| 13:18 | Create | Villager (Male) |
| 13:33 | Build | Lumber Camp |
| 13:40 | Create | Fishing Ship |
| 13:40 | Create | Fishing Ship |
| 14:02 | Build | House |
| 14:04 | Build | House |
| 14:06 | Build | House |
| 14:15 | Build | House |
| 14:33 | Create | Fishing Ship |
| 15:02 | Research | Feudal Age |
| 15:26 | Build | Barracks |
| 15:48 | Create | Villager (Male) |
| 15:49 | Create | Villager (Male) |
| 15:49 | Create | Villager (Male) |
| 15:59 | Build | Lumber Camp |
| 17:03 | Create | Fishing Ship |
| 17:03 | Create | Fishing Ship |
| 17:12 | Age | Feudal Age |
| 17:12 | Build | House |
| 17:14 | Build | House |
| 17:19 | Research | Double-Bit Axe |
| 17:32 | Research | Wheelbarrow |
| 17:52 | Create | Villager (Male) |
| 18:04 | Build | House |
| 18:12 | Build | Mining Camp |
| 18:20 | Create | Fishing Ship |
| 18:28 | Build | Farm |
| 19:07 | Build | Market |
| 19:40 | Build | Blacksmith |
| 20:20 | Build | House |
| 20:23 | Create | Fishing Ship |
| 20:24 | Research | Castle Age |
| 20:28 | Create | Fishing Ship |
| 20:39 | Research | Man-at-Arms (upgrade) |
| 20:45 | Research | Tech 906 |
| 20:47 | Create | Fishing Ship |
| 20:48 | Create | Fishing Ship |
| 21:05 | Research | Forging |
| 21:06 | Research | Scale Mail Armor |
| 21:28 | Build | Outpost |
| 21:35 | Create | Fishing Ship |
| 21:35 | Create | Fishing Ship |
| 22:40 | Build | Stone Wall |
| 22:46 | Build | Stone Wall |
| 23:04 | Age | Castle Age |
| 23:16 | Build | Town Center |
| 23:29 | Build | Monastery |
| 23:37 | Create | Fishing Ship |
| 23:38 | Create | Fishing Ship |
| 23:41 | Create | Fishing Ship |
| 23:41 | Create | Fishing Ship |
| 23:42 | Create | Fishing Ship |
| 23:44 | Create | Fishing Ship |
| 24:01 | Build | Town Center |
| 24:29 | Create | Monk |
| 24:52 | Create | Villager (Male) |
| 24:52 | Create | Villager (Male) |
| 24:53 | Create | Villager (Male) |
| 24:54 | Create | Villager (Male) |
| 25:00 | Create | Villager (Male) |
| 25:00 | Create | Villager (Male) |
| 25:01 | Create | Villager (Male) |
| 25:03 | Create | Villager (Male) |
| 25:03 | Create | Villager (Male) |
| 25:04 | Create | Villager (Male) |
| 25:04 | Create | Villager (Male) |
| 25:09 | Research | Bow Saw |
| 25:23 | Build | Dock |
| 25:52 | Research | Squires |
| 25:54 | Research | Long Swordsman (upgrade) |
| 26:01 | Build | Barracks |
| 26:09 | Create | Villager (Male) |
| 26:09 | Create | Villager (Male) |
| 26:12 | Create | Villager (Male) |
| 26:13 | Create | Villager (Male) |
| 26:16 | Create | Villager (Male) |
| 26:39 | Build | Stone Wall |
| 26:51 | Build | Gate |
| 27:01 | Build | Barracks |
| 27:07 | Research | Iron Casting |
| 27:33 | Create | Demolition Raft |
| 27:34 | Create | Fishing Ship |
| 27:34 | Create | Fishing Ship |
| 27:35 | Create | Fishing Ship |
| 27:35 | Create | Fishing Ship |
| 27:35 | Create | Fishing Ship |
| 27:36 | Create | Fishing Ship |
| 27:36 | Create | Fishing Ship |
| 27:50 | Create | Fishing Ship |
| 27:53 | Research | Gillnets |
| 27:55 | Create | Villager (Male) |
| 27:55 | Create | Villager (Male) |
| 27:56 | Create | Villager (Male) |
| 27:59 | Create | Villager (Male) |
| 27:59 | Create | Villager (Male) |
| 28:01 | Create | Villager (Male) |
| 28:01 | Create | Villager (Male) |
| 28:02 | Create | Villager (Male) |
| 28:39 | Build | House |
| 28:41 | Build | House |
| 28:43 | Build | House |
| 28:45 | Build | House |
| 29:09 | Build | House |
| 29:10 | Build | House |
| 29:11 | Build | House |
| 29:12 | Build | House |
| 29:12 | Build | House |
| 29:30 | Create | Militia ×5 |
| 29:34 | Create | Militia |
| 29:41 | Create | Fishing Ship |
| 29:42 | Create | Fishing Ship |
| 29:42 | Create | Fishing Ship |
Build order — 420Fighter
First 150 of 322 actions detected
| 0:44 | Build | Town Center |
| 2:05 | Build | Mill |
| 2:23 | Build | Mill |
| 2:43 | Build | House |
| 2:45 | Build | House |
| 3:22 | Create | Villager (Male) |
| 3:22 | Create | Villager (Male) |
| 3:22 | Create | Villager (Male) |
| 3:26 | Create | Villager (Male) |
| 4:33 | Create | Villager (Male) |
| 5:03 | Create | Villager (Male) |
| 5:03 | Create | Villager (Male) |
| 5:39 | Create | Villager (Male) |
| 6:00 | Create | Villager (Male) |
| 6:33 | Create | Villager (Male) |
| 6:44 | Create | Villager (Male) |
| 7:21 | Create | Villager (Male) |
| 7:50 | Build | House |
| 8:01 | Create | Villager (Male) |
| 8:01 | Create | Villager (Male) |
| 8:08 | Build | Dock |
| 8:35 | Create | Villager (Male) |
| 9:00 | Create | Villager (Male) |
| 9:47 | Build | House |
| 9:48 | Build | House |
| 10:01 | Create | Villager (Male) |
| 10:03 | Create | Villager (Male) |
| 10:07 | Create | Fishing Ship |
| 10:54 | Create | Fishing Ship |
| 10:58 | Create | Fishing Ship |
| 11:26 | Create | Villager (Male) |
| 11:27 | Create | Villager (Male) |
| 11:42 | Create | Fishing Ship |
| 12:02 | Research | Loom |
| 12:23 | Create | Fishing Ship |
| 12:34 | Research | Feudal Age |
| 13:30 | Build | Mining Camp |
| 13:36 | Build | House |
| 13:38 | Build | House |
| 13:58 | Create | Fishing Ship |
| 14:38 | Build | Lumber Camp |
| 14:51 | Age | Feudal Age |
| 15:03 | Create | Villager (Male) |
| 15:04 | Create | Villager (Male) |
| 15:04 | Create | Villager (Male) |
| 15:04 | Create | Villager (Male) |
| 15:09 | Research | Double-Bit Axe |
| 15:14 | Create | Fishing Ship |
| 15:19 | Research | Tech 906 |
| 15:26 | Research | Gold Mining |
| 15:51 | Create | Villager (Male) |
| 16:26 | Build | Mill |
| 16:43 | Build | Market |
| 16:51 | Create | Villager (Male) |
| 17:15 | Build | Mining Camp |
| 17:26 | Build | Blacksmith |
| 17:59 | Research | Castle Age |
| 18:15 | Research | Horse Collar |
| 18:32 | Create | Villager (Male) |
| 18:33 | Create | Villager (Male) |
| 19:11 | Create | Fishing Ship |
| 19:17 | Create | Fishing Ship |
| 19:19 | Create | Fishing Ship |
| 19:32 | Build | House |
| 19:33 | Build | House |
| 19:34 | Build | House |
| 19:35 | Build | House |
| 19:36 | Build | House |
| 19:37 | Build | House |
| 19:56 | Research | Stone Mining |
| 20:01 | Research | Wheelbarrow |
| 20:09 | Create | Villager (Male) |
| 20:10 | Create | Villager (Male) |
| 20:39 | Age | Castle Age |
| 20:43 | Research | Bow Saw |
| 21:27 | Research | Hand Cart |
| 21:28 | Create | Villager (Male) |
| 21:29 | Create | Villager (Male) |
| 21:29 | Create | Villager (Male) |
| 21:30 | Create | Villager (Male) |
| 21:46 | Build | Town Center |
| 22:03 | Create | Villager (Male) |
| 22:17 | Research | Stone Shaft Mining |
| 22:22 | Create | Villager (Male) |
| 22:23 | Build | Farm |
| 22:59 | Build | Castle |
| 23:44 | Create | Villager (Male) |
| 23:44 | Create | Villager (Male) |
| 23:44 | Create | Villager (Male) |
| 23:44 | Create | Villager (Male) |
| 23:45 | Create | Villager (Male) |
| 23:45 | Create | Villager (Male) |
| 23:55 | Create | Villager (Male) |
| 24:20 | Build | Barracks |
| 24:45 | Build | Stone Wall |
| 24:53 | Build | Stone Wall |
| 25:15 | Build | Stable |
| 25:17 | Build | Stable |
| 25:19 | Build | Stable |
| 25:26 | Research | Chatras |
| 25:28 | Create | Rattan Archer |
| 25:28 | Create | Rattan Archer |
| 25:28 | Create | Rattan Archer |
| 25:38 | Create | Villager (Male) |
| 25:38 | Create | Villager (Male) |
| 25:39 | Create | Villager (Male) |
| 25:39 | Create | Villager (Male) |
| 25:39 | Create | Villager (Male) |
| 26:05 | Research | Bloodlines |
| 26:08 | Create | Battle Elephant |
| 26:16 | Build | Farm |
| 26:52 | Create | Villager (Male) |
| 26:53 | Create | Villager (Male) |
| 26:53 | Create | Villager (Male) |
| 26:53 | Create | Villager (Male) |
| 27:05 | Build | Farm |
| 27:16 | Research | Husbandry |
| 27:18 | Create | Battle Elephant |
| 27:24 | Create | Rattan Archer |
| 27:25 | Create | Rattan Archer |
| 27:25 | Create | Rattan Archer |
| 27:25 | Create | Rattan Archer |
| 27:30 | Build | Farm |
| 27:40 | Build | Farm |
| 27:41 | Build | Farm |
| 27:45 | Research | Heavy Plow |
| 27:54 | Research | Padded Archer Armor |
| 28:06 | Build | Farm |
| 28:07 | Build | Farm |
| 28:08 | Build | Farm |
| 28:09 | Build | Farm |
| 28:09 | Build | Farm |
| 28:10 | Build | Farm |
| 28:27 | Build | Mill |
| 28:29 | Build | Farm |
| 28:32 | Build | Farm |
| 28:34 | Build | Farm |
| 28:37 | Build | Farm |
| 28:45 | Build | Mining Camp |
| 28:49 | Create | Rattan Archer |
| 28:49 | Create | Rattan Archer |
| 28:50 | Create | Rattan Archer |
| 28:53 | Create | Battle Elephant |
| 28:58 | Create | Battle Elephant |
| 28:59 | Create | Battle Elephant |
| 29:54 | Create | Rattan Archer |
| 29:54 | Create | Rattan Archer |
| 29:55 | Create | Rattan Archer |
| 29:59 | Create | Villager (Male) |
| 30:00 | Create | Villager (Male) |
Build order — Mangudai de Oakley
First 150 of 420 actions detected
| 0:19 | Build | House |
| 0:21 | Build | House |
| 0:42 | Build | Town Center |
| 2:21 | Build | Dock |
| 2:59 | Create | Villager (Male) |
| 2:59 | Create | Villager (Male) |
| 3:00 | Create | Villager (Male) |
| 3:00 | Create | Villager (Male) |
| 3:00 | Create | Villager (Male) |
| 4:06 | Create | Villager (Male) |
| 4:06 | Create | Villager (Male) |
| 4:40 | Create | Villager (Male) |
| 4:40 | Create | Villager (Male) |
| 5:34 | Create | Villager (Male) |
| 5:34 | Create | Villager (Male) |
| 5:35 | Create | Villager (Male) |
| 5:35 | Create | Villager (Male) |
| 5:35 | Create | Villager (Male) |
| 6:38 | Create | Villager (Male) |
| 6:38 | Create | Villager (Male) |
| 6:38 | Create | Villager (Male) |
| 6:39 | Create | Villager (Male) |
| 6:39 | Create | Villager (Male) |
| 6:47 | Build | House |
| 6:50 | Build | House |
| 7:14 | Create | Villager (Male) |
| 7:27 | Create | Fishing Ship |
| 7:46 | Create | Villager (Male) |
| 7:56 | Build | House |
| 8:23 | Build | Mill |
| 8:48 | Create | Fishing Ship |
| 8:49 | Create | Fishing Ship |
| 9:34 | Create | Fishing Ship |
| 9:34 | Create | Fishing Ship |
| 9:35 | Create | Fishing Ship |
| 9:35 | Create | Fishing Ship |
| 10:04 | Research | Loom |
| 10:09 | Create | Villager (Male) |
| 10:10 | Create | Villager (Male) |
| 11:08 | Build | Mining Camp |
| 11:19 | Create | Fishing Ship |
| 11:35 | Research | Feudal Age |
| 12:39 | Build | Barracks |
| 12:43 | Build | House |
| 13:19 | Build | Farm |
| 13:19 | Build | Farm |
| 13:19 | Build | Farm |
| 13:20 | Build | Farm |
| 13:26 | Create | Villager (Male) |
| 13:26 | Create | Villager (Male) |
| 13:27 | Create | Villager (Male) |
| 13:45 | Age | Feudal Age |
| 13:54 | Build | Lumber Camp |
| 14:26 | Research | Tech 906 |
| 14:32 | Create | Villager (Male) |
| 14:47 | Build | Farm |
| 14:56 | Research | Double-Bit Axe |
| 15:20 | Create | Villager (Male) |
| 15:21 | Create | Villager (Male) |
| 15:32 | Create | Villager (Male) |
| 15:34 | Research | Wheelbarrow |
| 15:53 | Build | Stable |
| 16:08 | Build | Farm |
| 16:17 | Create | Villager (Male) |
| 16:48 | Build | Blacksmith |
| 16:51 | Build | House |
| 17:18 | Build | House |
| 17:30 | Research | Castle Age |
| 17:34 | Research | Bloodlines |
| 17:41 | Research | Horse Collar |
| 17:48 | Build | Farm |
| 18:03 | Build | Farm |
| 18:16 | Build | House |
| 18:26 | Build | Market |
| 18:57 | Build | House |
| 18:59 | Create | Scout Cavalry |
| 19:00 | Create | Scout Cavalry |
| 19:00 | Create | Scout Cavalry |
| 19:06 | Research | Scale Barding Armor |
| 19:35 | Build | Farm |
| 21:00 | Age | Castle Age |
| 21:03 | Build | Town Center |
| 21:08 | Build | Town Center |
| 21:15 | Create | Villager (Male) |
| 21:15 | Create | Villager (Male) |
| 21:15 | Create | Villager (Male) |
| 21:19 | Research | Light Cavalry (upgrade) |
| 21:20 | Research | Husbandry |
| 21:25 | Research | Bow Saw |
| 21:30 | Create | Villager (Male) |
| 21:42 | Create | Scout Cavalry |
| 21:42 | Create | Scout Cavalry |
| 21:43 | Create | Scout Cavalry |
| 21:43 | Create | Scout Cavalry |
| 22:20 | Create | Scout Cavalry ×3 |
| 22:20 | Create | Scout Cavalry ×3 |
| 23:28 | Create | Villager (Male) |
| 23:28 | Create | Villager (Male) |
| 23:29 | Create | Villager (Male) |
| 23:29 | Create | Villager (Male) |
| 23:29 | Create | Villager (Male) |
| 23:30 | Create | Villager (Male) |
| 23:41 | Build | Farm |
| 23:41 | Build | Farm |
| 23:41 | Build | Farm |
| 23:41 | Build | Farm |
| 23:42 | Build | Farm |
| 23:42 | Build | Farm |
| 24:04 | Research | Chain Barding Armor |
| 24:22 | Build | Farm |
| 24:23 | Build | Farm |
| 24:23 | Build | Farm |
| 24:23 | Build | Farm |
| 24:24 | Build | Farm |
| 24:25 | Build | Farm |
| 24:49 | Build | Farm |
| 25:00 | Build | Farm |
| 25:09 | Create | Villager (Male) |
| 25:10 | Create | Villager (Male) |
| 25:10 | Create | Villager (Male) |
| 25:10 | Create | Villager (Male) |
| 25:10 | Create | Villager (Male) |
| 25:11 | Create | Villager (Male) |
| 25:27 | Build | Stable |
| 25:30 | Build | House |
| 25:36 | Research | Gold Mining |
| 25:41 | Create | Scout Cavalry |
| 25:46 | Create | Villager (Male) |
| 25:46 | Create | Villager (Male) |
| 25:47 | Create | Villager (Male) |
| 26:06 | Build | Farm |
| 26:07 | Build | Farm |
| 26:07 | Build | Farm |
| 26:13 | Research | Heavy Plow |
| 26:26 | Research | Forging |
| 26:39 | Create | Scout Cavalry |
| 26:39 | Create | Scout Cavalry |
| 26:40 | Create | Scout Cavalry |
| 26:43 | Create | Villager (Male) |
| 26:44 | Create | Villager (Male) |
| 26:44 | Create | Villager (Male) |
| 27:47 | Create | Villager (Male) |
| 27:48 | Create | Villager (Male) |
| 27:48 | Create | Villager (Male) |
| 27:48 | Create | Villager (Male) |
| 27:49 | Create | Villager (Male) |
| 27:49 | Create | Villager (Male) |
| 27:49 | Create | Villager (Male) |
| 27:52 | Create | Villager (Male) |
| 27:52 | Create | Villager (Male) |
Build order — George_Carse
First 150 of 663 actions detected
| 1:05 | Build | Town Center |
| 3:01 | Build | House |
| 3:03 | Create | Villager (Male) |
| 3:04 | Create | Villager (Male) |
| 3:04 | Research | Loom |
| 3:05 | Create | Villager (Male) |
| 3:05 | Create | Villager (Male) |
| 3:05 | Create | Villager (Male) |
| 3:13 | Build | House |
| 3:16 | Build | House |
| 4:37 | Build | House |
| 4:51 | Create | Villager (Male) |
| 4:51 | Create | Villager (Male) |
| 5:25 | Create | Villager (Male) |
| 5:25 | Create | Villager (Male) |
| 5:58 | Create | Villager (Male) |
| 5:58 | Create | Villager (Male) |
| 6:29 | Create | Villager (Male) |
| 6:29 | Create | Villager (Male) |
| 7:10 | Create | Villager (Male) |
| 7:11 | Create | Villager (Male) |
| 7:11 | Create | Villager (Male) |
| 7:19 | Build | Dock |
| 7:28 | Create | Villager (Male) |
| 7:28 | Create | Villager (Male) |
| 8:04 | Create | Villager (Male) |
| 8:05 | Create | Villager (Male) |
| 8:32 | Create | Villager (Male) |
| 8:33 | Create | Villager (Male) |
| 8:33 | Create | Villager (Male) |
| 8:33 | Create | Villager (Male) |
| 9:23 | Create | Fishing Ship |
| 10:20 | Create | Villager (Male) |
| 10:22 | Create | Villager (Male) |
| 10:26 | Create | Villager (Male) |
| 10:43 | Research | Tech 906 |
| 10:47 | Create | Fishing Ship |
| 10:55 | Create | Villager (Male) |
| 11:38 | Create | Villager (Male) |
| 11:56 | Build | House |
| 11:59 | Build | House |
| 12:06 | Build | Mill |
| 12:30 | Create | Villager (Male) |
| 12:36 | Create | Fishing Ship |
| 13:03 | Create | Villager (Male) |
| 13:08 | Create | Fishing Ship |
| 13:15 | Build | House |
| 13:17 | Build | House |
| 13:18 | Build | House |
| 13:20 | Build | House |
| 13:25 | Research | Feudal Age |
| 13:54 | Build | Mining Camp |
| 14:16 | Create | Villager (Male) |
| 14:17 | Create | Villager (Male) |
| 14:17 | Create | Villager (Male) |
| 14:18 | Create | Villager (Male) |
| 14:28 | Research | Tech 906 |
| 15:35 | Create | Fishing Ship |
| 15:38 | Age | Feudal Age |
| 15:55 | Create | Fishing Ship |
| 16:07 | Build | Blacksmith |
| 16:50 | Create | Villager (Male) |
| 17:11 | Build | Market |
| 17:21 | Research | Town Watch |
| 17:24 | Create | Villager (Male) |
| 17:45 | Build | Lumber Camp |
| 17:53 | Create | Villager (Male) |
| 18:18 | Research | Castle Age |
| 18:22 | Research | Double-Bit Axe |
| 18:24 | Research | Horse Collar |
| 18:47 | Create | Villager (Male) |
| 19:07 | Build | Dock |
| 19:24 | Create | Villager (Male) |
| 19:24 | Create | Villager (Male) |
| 19:25 | Create | Villager (Male) |
| 19:25 | Create | Villager (Male) |
| 19:25 | Create | Villager (Male) |
| 19:26 | Create | Villager (Male) |
| 19:29 | Research | Gold Mining |
| 19:39 | Research | Bow Saw |
| 20:09 | Research | Heavy Plow |
| 20:20 | Build | House |
| 20:21 | Build | House |
| 20:23 | Build | House |
| 20:36 | Create | Villager (Male) |
| 20:36 | Create | Villager (Male) |
| 20:37 | Create | Villager (Male) |
| 20:37 | Create | Villager (Male) |
| 20:37 | Create | Villager (Male) |
| 20:37 | Create | Villager (Male) |
| 20:38 | Create | Villager (Male) |
| 20:38 | Create | Villager (Male) |
| 21:13 | Age | Castle Age |
| 21:15 | Build | Town Center |
| 21:50 | Build | Barracks |
| 21:57 | Build | House |
| 22:04 | Create | Villager (Male) |
| 22:04 | Create | Villager (Male) |
| 22:05 | Create | Villager (Male) |
| 22:05 | Create | Villager (Male) |
| 22:05 | Create | Villager (Male) |
| 22:05 | Create | Villager (Male) |
| 22:06 | Create | Villager (Male) |
| 22:06 | Create | Villager (Male) |
| 22:06 | Create | Villager (Male) |
| 22:07 | Create | Villager (Male) |
| 22:07 | Create | Villager (Male) |
| 22:18 | Create | Fishing Ship |
| 22:32 | Build | Farm |
| 22:38 | Build | Farm |
| 22:42 | Build | Farm |
| 23:00 | Build | Monastery |
| 23:04 | Create | Spearman |
| 23:04 | Create | Spearman |
| 23:08 | Create | Villager (Male) |
| 23:09 | Create | Villager (Male) |
| 23:27 | Build | Mining Camp |
| 23:32 | Create | Villager (Male) |
| 23:32 | Create | Villager (Male) |
| 23:47 | Create | Monk |
| 23:47 | Create | Monk |
| 23:50 | Create | Spearman |
| 23:54 | Build | Stable |
| 24:09 | Create | Spearman |
| 24:22 | Research | Fervor |
| 24:40 | Research | Sanctity |
| 24:49 | Build | Town Center |
| 24:58 | Build | House |
| 24:59 | Build | House |
| 25:00 | Build | House |
| 25:01 | Build | House |
| 25:08 | Research | Wheelbarrow |
| 25:13 | Build | Farm |
| 25:20 | Build | Fish Trap |
| 25:50 | Research | Pikeman (upgrade) |
| 25:56 | Research | Husbandry |
| 26:00 | Create | Villager (Male) |
| 26:00 | Create | Villager (Male) |
| 26:01 | Create | Villager (Male) |
| 26:05 | Build | Farm |
| 26:16 | Build | Farm |
| 26:19 | Build | Farm |
| 26:24 | Build | Farm |
| 26:31 | Research | Gillnets |
| 26:35 | Create | Fishing Ship |
| 26:38 | Create | Fishing Ship |
| 26:38 | Create | Fishing Ship |
| 26:50 | Create | Spearman |
| 26:50 | Create | Spearman |
| 26:53 | Create | Villager (Male) |
Match timeline
| 2:21 | Mangudai de Oakley · first_building Dock |
| 3:42 | RDM - ☢ - 𐰋𐰇𐰼𐰇 · first_building Dock |
| 7:19 | George_Carse · first_building Dock |
| 8:08 | 420Fighter · first_building Dock |
| 9:53 | 种田大叔 · first_building Dock |
| 12:09 | 种田大叔 · first_building Barracks |
| 12:32 | Zero · first_building Dock |
| 12:39 | Mangudai de Oakley · first_building Barracks |
| 13:45 | Mangudai de Oakley · age_up feudal |
| 14:14 | RDM - ☢ - 𐰋𐰇𐰼𐰇 · first_building Barracks |
| 14:51 | 420Fighter · age_up feudal |
| 15:26 | Zero · first_building Barracks |
| 15:38 | George_Carse · age_up feudal |
| 15:53 | Mangudai de Oakley · first_building Stable |
| 16:07 | RDM - ☢ - 𐰋𐰇𐰼𐰇 · age_up feudal |
| 17:12 | Zero · age_up feudal |
| 19:46 | 种田大叔 · age_up feudal |
| 20:39 | 420Fighter · age_up castle |
| 21:00 | Mangudai de Oakley · age_up castle |
| 21:13 | George_Carse · age_up castle |
| 21:28 | RDM - ☢ - 𐰋𐰇𐰼𐰇 · age_up castle |
| 21:50 | George_Carse · first_building Barracks |
| 22:40 | Zero · wall_segment Stone Wall x9 |
| 22:46 | Zero · wall_segment Stone Wall x9 |
| 22:59 | 420Fighter · first_building Castle |
| 23:00 | George_Carse · first_building Monastery |
| 23:04 | Zero · age_up castle |
| 23:29 | Zero · first_building Monastery |
| 23:54 | George_Carse · first_building Stable |
| 24:20 | 420Fighter · first_building Barracks |
| 24:31 | 种田大叔 · first_building Stable |
| 24:44 | RDM - ☢ - 𐰋𐰇𐰼𐰇 · first_building Archery Range |
| 24:45 | 420Fighter · wall_segment Stone Wall x10 |
| 24:46 | 种田大叔 · age_up castle |
| 24:53 | 420Fighter · wall_segment Stone Wall x7 |
| 25:15 | 420Fighter · first_building Stable |
| 26:39 | Zero · wall_segment Stone Wall x10 |
| 26:47 | RDM - ☢ - 𐰋𐰇𐰼𐰇 · first_building Castle |
| 26:57 | George_Carse · first_building Castle |
| 27:06 | 种田大叔 · first_building Castle |
| 29:11 | 种田大叔 · age_up imperial |
| 29:37 | Mangudai de Oakley · first_building Siege Workshop |
| 30:20 | Zero · first_building Castle |
| 30:33 | Mangudai de Oakley · first_market_buy 100 food |
| 31:08 | Mangudai de Oakley · first_building Archery Range |
| 31:32 | 420Fighter · first_building Archery Range |
| 32:04 | 420Fighter · wall_segment Stone Wall x13 |
| 32:12 | 420Fighter · wall_segment Stone Wall x10 |
| 32:26 | Zero · first_building Siege Workshop |
| 32:36 | Mangudai de Oakley · first_building Castle |
| 33:51 | George_Carse · first_building Siege Workshop |
| 34:23 | Mangudai de Oakley · age_up imperial |
| 35:42 | RDM - ☢ - 𐰋𐰇𐰼𐰇 · wall_segment Stone Wall x23 |
| 36:19 | 420Fighter · wall_segment Stone Wall x11 |
| 38:00 | 420Fighter · age_up imperial |
| 38:51 | RDM - ☢ - 𐰋𐰇𐰼𐰇 · wall_segment Stone Wall x11 |
| 38:56 | RDM - ☢ - 𐰋𐰇𐰼𐰇 · wall_segment Stone Wall x15 |
| 39:25 | RDM - ☢ - 𐰋𐰇𐰼𐰇 · age_up imperial |
| 39:38 | RDM - ☢ - 𐰋𐰇𐰼𐰇 · first_building Stable |
| 39:39 | George_Carse · age_up imperial |
| 39:46 | Zero · wall_segment Stone Wall x10 |
| 41:11 | Zero · age_up imperial |
| 42:21 | George_Carse · first_building Archery Range |
| 42:40 | Zero · first_market_buy 100 food |
| 44:28 | Mangudai de Oakley · first_market_sell 500 food |
| 46:25 | 420Fighter · first_market_sell 100 food |
| 47:14 | RDM - ☢ - 𐰋𐰇𐰼𐰇 · first_building Siege Workshop |
| 54:11 | 420Fighter · resign |
[ AI ANALYSIS · 1 CREDIT ]
What really happened in this match?
Wolo.gg analyzes every decision: build order, eco, micro, common mistakes by bracket. Personalized analysis on WhatsApp or Discord in 30 seconds.
Civ guide
Khmer
Perfil
Jugador #17529067